 Dungeon Crawl Stone Soup version 0.31.0-11-ge490571c62 (webtiles) character file.

Game seed: 4634267714537039591

8708 qw the Nimble (level 11, -9/55 HPs)
             Began as a Spriggan Hunter on Feb 4, 2024.
             Was an Elder of Okawaru.
             Killed from afar by an acid dragon (31 damage)
             ... with a splash of acid
             ... on level 11 of the Dungeon.
             The game lasted 00:01:22 (7811 turns).

qw the Nimble (Spriggan Hunter)                     Turns: 7811, Time: 00:01:22

Health: -9/55      AC:  1    Str:  7    XL:     11   Next: 13%
Magic:  11/15      EV: 30    Int: 11    God:    Okawaru [****..]
Gold:   533        SH:  5    Dex: 23    Spells: 10/10 levels left

rFire   + . .        d - +6 arbalest (flame)
rCold   . . .        (shield currently unavailable)
rNeg    . . .        p - +0 steam dragon scales
rPois   .            (helmet restricted)
rElec   .            (no cloak)
rCorr   .            (gloves unavailable)
SInv    +            (boots unavailable)
Will    +....        a - amulet of reflection
Stlth   ++           j - ring of protection from fire
HPRegen 0.29/turn    o - +4 ring of protection
MPRegen 0.14/turn

%: reflection
@: finesse-ful, corroded, very quick
A: very small, no large weapons, unfitting armour, see invisible, speed 3
a: Renounce Religion, Heroism, Finesse


You were on level 11 of the Dungeon.
You worshipped Okawaru.
Okawaru was greatly pleased with you.
You visited 1 branch of the dungeon, and saw 11 of its levels.
You also visited: Sewer.

You collected 533 gold pieces.


Innate Abilities, Weirdness & Mutations

You are very small and have problems with some larger weapons.
You are too small for most types of armour.
You have supernaturally acute eyesight. (SInv)
You cover ground extremely quickly. (Speed+++)


   Skills:
 - Level 5.0 Fighting
 + Level 12.3 Ranged Weapons
 - Level 1.1 Armour
 - Level 13.3 Dodging
 - Level 1.5 Stealth
 + Level 4.8 Invocations


You had 10 spell levels left.
You didn't know any spells.
Your spell library was empty.

Inventory:

Hand Weapons
 d - a +6 arbalest of flaming (weapon)
Armour
 p - +0 steam dragon scales (worn)
Jewellery
 a - an amulet of reflection (around neck)
 j - a ring of protection from fire (left hand)
 o - a +4 ring of protection (right hand)
Wands
 c - a wand of paralysis (1)
 l - a wand of digging (6)
 m - a wand of roots (8)
Scrolls
 g - 7 scrolls of teleportation
Potions
 b - a potion of heal wounds
 f - 2 potions of mutation
 h - a potion of magic {unknown}
 i - 5 potions of might
 k - 2 potions of resistance
 n - a potion of lignification {unknown}

Dungeon Overview and Level Annotations

Branches:
Dungeon (11/15)            Temple (0/1) D:6           Sewer (visited)
   Lair: D:8-11         Orc: D:9-12

Altars:
Elyvilon
Gozag
Hepliaklqana
Okawaru
Qazlal
Ru
Sif Muna
Xom
Yredelemnul

Annotations:
D:10 3 runed translucent doors, qw's ghost, novice SpHu


Message History

You can now deal lightning-fast blows.
Harold shouts!
The acid dragon roars!
The acid dragon spits acid at you. The splash of acid hits you!!
The acid corrodes you!
You shoot a bolt.
The bolt hits Harold but does no damage.
You shoot a bolt. The bolt hits Harold!
The bolt burns Harold.
Harold is moderately wounded.
You shoot a bolt.
The bolt hits Harold but does no damage.
Harold is moderately wounded.
You shoot a bolt. The bolt hits Harold!
The bolt burns Harold.
Harold is heavily wounded.
You shoot a bolt. The bolt hits Harold.
The bolt burns Harold.
Harold is heavily wounded.
You shoot a bolt. The bolt hits Harold!
The bolt burns Harold.
Harold is severely wounded.
The acid dragon spits acid at you. The splash of acid hits you!
The acid corrodes you! Harold gestures at you while chanting.
You barely resist.
You hear a shout!
You shoot a bolt.
The bolt hits Harold but does no damage.
Harold is severely wounded.
You shoot a bolt. The bolt closely misses Harold.
You shoot a bolt. The bolt hits Harold!
The bolt burns Harold!
Harold is almost dead.
You shoot a bolt. The bolt hits Harold.
The bolt burns Harold.
You kill Harold!
Okawaru is honoured by your kill.
Harold gasps with his last breath, "I wish I had worked less..."
You shoot a bolt.
The bolt hits the acid dragon but does no damage.
You shoot a bolt. The bolt hits the acid dragon!
The bolt burns the acid dragon.
The acid dragon is severely wounded.
The acid dragon spits acid at you. The splash of acid hits you!!
Ouch! That really hurt!
You die...

.##.##.#
.........##
#.>........
#.#........
#.+..[.....
#.#..?.....
#.#.D......
#######.#@)......
.......<.........
#######.#####....
#.# ... #.# # #.#
#.# #.# #.#


You could see an acid dragon (catching breath).

Vanquished Creatures
  Harold (D:11)
  A two-headed ogre (D:10)
  Pikel (D:4)
  An unseen horror (D:9)
  A troll (D:10)
  2 hornets
  2 wyverns
  A wraith (D:7)
  6 yaks
  2 humans (D:7)
  Eustachio (D:4)
  2 steam dragons
  Menkaure (D:5)
  A black bear (D:4)
  3 ice beasts
  7 orc warriors
  A sky beast (D:6)
  A centaur (D:6)
  A phantom (D:6)
  3 lemures (D:4)
  3 kobold brigands
  2 brain worms (Sewer)
  5 bullfrogs
  2 gnoll sergeants (D:7)
  3 scorpions
  5 wights
  6 killer bees (D:10)
  8 howler monkeys
  2 bombardier beetles
  2 hounds
  6 orc priests
  5 jellies
  Ijyb (D:4)
  2 iguanas
  9 orc wizards
  6 gnolls
  2 river rats
  14 adders
  2 shadow imps (D:8)
  3 ufetubi
  2 dart slugs
  5 ribbon worms
  20 orcs
  14 ball pythons
  5 bats
  7 endoplasms
  3 giant cockroaches
  7 hobgoblins
  2 jackals (D:2)
  14 kobolds
  5 quokkas
  5 frilled lizards
  6 goblins
  12 rats
234 creatures vanquished.

Notes
Turn   | Place    | Note
-------+----------+-------------------------------------------
     0 | D:1      | qw the Spriggan Hunter began the quest for the Orb.
     0 | D:1      | Reached XP level 1. HP: 10/10 MP: 2/2
     0 | D:1      | 0 ||| qw: Version: 0.3-a-160-g6735b56
     0 | D:1      | 0 ||| qw: Game counter: 5750
     0 | D:1      | 0 ||| qw: Melee chars always use a shield: true
     0 | D:1      | 0 ||| qw: God list: Okawaru
     0 | D:1      | 0 ||| qw: Allow faded altars: false
     0 | D:1      | 0 ||| qw: Do Orc after clearing Dungeon:15 true
     0 | D:1      | 0 ||| qw: Do second Lair branch before Depths: true
     0 | D:1      | 0 ||| qw: Lair rune preference: random
     0 | D:1      | 0 ||| qw: Goals: Normal
     0 | D:1      | 0 ||| PLANNING D:1-11
    52 | D:1      | Reached skill level 3 in Dodging
   151 | D:1      | Reached XP level 2. HP: 14/14 MP: 3/3
   192 | D:1      | Reached skill level 4 in Dodging
   787 | D:1      | 787 ||| READING scroll labelled SOCHOCLOPA.
   788 | D:1      | 788 ||| READING scroll labelled OTRITI AGEQUSA.
   788 | D:1      | 788 ||| ENCHANTING +0 shortbow.
   789 | D:1      | 789 ||| DRINKING 2 bubbling blue potions.
   790 | D:1      | 790 ||| DRINKING 2 inky potions.
   791 | D:1      | 791 ||| DROPPING scroll of butterflies.
   792 | D:1      | 792 ||| DROPPING potion of attraction.
   805 | D:2      | Reached XP level 3. HP: 18/18 MP: 4/4
   859 | D:2      | You fall into a shaft and drop 1 floor!
  1021 | D:3      | 1021 ||| UPGRADING to ring of protection from fire.
  1022 | D:3      | 1022 ||| READING scroll labelled TISMOA RUOD.
  1027 | D:3      | 1027 ||| READING scroll labelled ZIACILOVY.
  1027 | D:3      | Identified a scroll of acquirement
  1027 | D:3      | 1027 ||| ACQUIRING +5 arbalest of flaming
  1027 | D:3      | Acquired a +5 arbalest of flaming
  1029 | D:3      | 1029 ||| SWAPPING to +5 arbalest of flaming.
  1030 | D:3      | 1030 ||| DROPPING +1 shortbow.
  1250 | D:2      | Found an opulent altar of Gozag.
  1593 | D:2      | 1593 ||| READING scroll labelled LIEVES POAMI.
  1594 | D:2      | 1594 ||| READING 2 scrolls labelled YVEMPEGEPN.
  1594 | D:2      | 1594 ||| IDENTIFYING sapphire potion
  1595 | D:2      | 1595 ||| READING scroll of identify.
  1595 | D:2      | 1595 ||| IDENTIFYING fuming dark potion
  1596 | D:2      | 1596 ||| READING scroll labelled FIODAO ZIURR.
  1626 | D:3      | Reached XP level 4. HP: 22/22 MP: 5/5
  1686 | D:3      | Found a faded altar of an unknown god.
  1789 | D:3      | Found a sacrificial altar of Ru.
  1918 | D:3      | 1918 ||| READING scroll of identify.
  1918 | D:3      | 1918 ||| IDENTIFYING grey potion
  1919 | D:3      | 1919 ||| READING scroll labelled GOETWAXKIR.
  1919 | D:3      | 1919 ||| ENCHANTING +0 robe.
  1920 | D:3      | 1920 ||| READING scroll labelled ZAXICHAOGI.
  2021 | D:3      | 2021 ||| DROPPING potion of ambrosia.
  2073 | D:4      | Noticed a black bear
  2074 | D:4      | 2074 ||| DRINKING potion of haste.
  2075 | D:4      | Killed a black bear
  2076 | D:4      | Reached skill level 6 in Dodging
  2076 | D:4      | Reached XP level 5. HP: 25/25 MP: 6/6
  2111 | D:4      | Noticed a lemure
  2113 | D:4      | Noticed a lemure
  2115 | D:4      | Killed a lemure
  2116 | D:4      | Noticed Pikel
  2116 | D:4      | Noticed a lemure
  2117 | D:4      | 2117 ||| RETREEEEATING.
  2119 | D:4      | 2119 ||| RETREEEEATING.
  2121 | D:4      | Killed a lemure
  2125 | D:4      | Killed a lemure
  2128 | D:4      | Killed Pikel
  2129 | D:4      | Reached XP level 6. HP: 22/30 MP: 7/7
  2129 | D:4      | Reached XP level 7. HP: 26/35 MP: 8/8
  2172 | D:4      | Noticed Eustachio
  2180 | D:4      | Killed Eustachio
  2181 | D:4      | Reached skill level 7 in Dodging
  2207 | D:4      | Found an opulent altar of Gozag.
  2353 | D:4      | Noticed Ijyb
  2357 | D:4      | Killed Ijyb
  2603 | D:4      | 2603 ||| UPGRADING to amulet of reflection.
  2608 | D:4      | 2608 ||| READING scroll of identify.
  2608 | D:4      | 2608 ||| IDENTIFYING blue potion
  2609 | D:4      | 2609 ||| READING scroll labelled EPIEXO HUGGYRE.
  2610 | D:4      | 2610 ||| READING scroll labelled TAMAWU AZYLLEH.
  2721 | D:5      | Entered Level 5 of the Dungeon
  2816 | D:5      | Reached skill level 8 in Dodging
  2828 | D:5      | Reached XP level 8. HP: 28/39 MP: 9/9
  3079 | D:5      | Reached skill level 3 in Fighting
  3298 | D:5      | Noticed Menkaure
  3301 | D:5      | Killed Menkaure
  3417 | D:5      | 3417 ||| READING scroll of identify.
  3417 | D:5      | 3417 ||| IDENTIFYING fuming pink potion
  3418 | D:5      | 3418 ||| READING scroll labelled GUXOKK GESOXT.
  3420 | D:5      | 3420 ||| Stepping ~*~*~tactically~*~*~ (cloud).
  3523 | D:6      | 3523 ||| PLANNING SEWER
  3581 | D:6      | Found a glowing drain.
  3589 | Sewer    | Entered a sewer
  3613 | Sewer    | Reached skill level 9 in Ranged Weapons
  3734 | Sewer    | 3734 ||| READING scroll of enchant weapon.
  3734 | Sewer    | 3734 ||| ENCHANTING +5 arbalest of flaming.
  3853 | Sewer    | 3853 ||| READING 2 scrolls labelled PAYBRU REFAGE.
  3854 | Sewer    | 3854 ||| READING scroll labelled ZAPPUS FUBBU.
  3855 | Sewer    | 3855 ||| DROPPING scroll of fear.
  3901 | D:6      | 3901 ||| PLANNING D:1-11
  3954 | D:6      | Reached skill level 9 in Dodging
  4212 | D:6      | Reached XP level 9. HP: 44/44 MP: 10/10
  4376 | D:6      | Reached skill level 10 in Dodging
  4379 | D:6      | Found a white marble altar of Elyvilon.
  4397 | D:6      | 4397 ||| FLEEEEING.
  4398 | D:6      | 4398 ||| FLEEEEING.
  4399 | D:6      | 4399 ||| FLEEEEING.
  4400 | D:6      | 4400 ||| FLEEEEING.
  4401 | D:6      | 4401 ||| FLEEEEING.
  4402 | D:6      | 4402 ||| FLEEEEING.
  4403 | D:6      | 4403 ||| FLEEEEING.
  4405 | D:6      | 4405 ||| FLEEEEING.
  4406 | D:6      | 4406 ||| FLEEEEING.
  4407 | D:6      | 4407 ||| FLEEEEING.
  4523 | D:6      | 4523 ||| DROPPING wand of flame (49).
  4562 | D:7      | Found an iron altar of Okawaru.
  4563 | D:7      | 4563 ||| PLANNING OKAWARU WORSHIP
  4573 | D:7      | Became a worshipper of Warmaster Okawaru
  4574 | D:7      | 4574 ||| PLANNING D:1-11
  4615 | D:7      | Reached skill level 11 in Dodging
  4880 | D:7      | Reached * piety under Okawaru
  4920 | D:7      | 4920 ||| RETREEEEATING.
  4924 | D:7      | Reached skill level 1 in Invocations
  4931 | D:7      | 4931 ||| RETREEEEATING.
  4932 | D:7      | 4932 ||| RETREEEEATING.
  4943 | D:7      | Reached XP level 10. HP: 21/49 MP: 11/13
  5033 | D:7      | HP: 9/49 [gnoll sergeant/+2 trident of freezing (14)]
  5034 | D:7      | 5034 ||| READING 4 scrolls of teleportation.
  5035 | D:7      | 5035 ||| DRINKING 2 potions of heal wounds.
  5179 | D:7      | Reached skill level 3 in Invocations
  5341 | D:7      | 5341 ||| UPGRADING to +4 ring of protection.
  5351 | D:6      | Found a staircase to the Ecumenical Temple.
  5606 | D:8      | Reached ** piety under Okawaru
  5610 | D:8      | 5610 ||| RETREEEEATING.
  5613 | D:8      | 5613 ||| STAIRDANCE
  5616 | D:7      | Reached skill level 12 in Dodging
  5962 | D:8      | Found a stormy altar of Qazlal.
  6277 | D:8      | 6277 ||| UPGRADING to +0 steam dragon scales.
  6287 | D:8      | 6287 ||| DROPPING +1 robe.
  6288 | D:8      | 6288 ||| READING scroll of identify.
  6288 | D:8      | 6288 ||| IDENTIFYING golden potion
  6289 | D:8      | 6289 ||| READING 3 scrolls labelled XUCKESHYCLA.
  6371 | D:8      | 6371 ||| DROPPING potion of invisibility.
  6372 | D:8      | 6372 ||| DROPPING 2 scrolls of torment.
  6490 | D:9      | Reached *** piety under Okawaru
  6495 | D:9      | Reached skill level 1 in Armour
  6496 | D:9      | Identified the +0 whip of Irritation {antimagic, rC++ Will+
                  | rCorr Int-4}
  6502 | D:9      | Found a shimmering altar of Xom.
  6504 | D:9      | Found a hazy altar of Hepliaklqana.
  6570 | D:9      | Found a basalt altar of Yredelemnul.
  6573 | D:9      | Found a shimmering blue altar of Sif Muna.
  6653 | D:9      | 6653 ||| INVOKING Heroism.
  6659 | D:9      | Reached skill level 12 in Ranged Weapons
  7107 | D:9      | 7107 ||| DROPPING +1 robe of willpower.
  7118 | D:10     | Entered Level 10 of the Dungeon
  7256 | D:10     | Found a runed translucent gate.
  7256 | D:10     | Found a runed translucent gate.
  7257 | D:10     | Found a runed translucent gate.
  7259 | D:10     | Noticed qw's ghost (novice SpHu)
  7260 | D:10     | Noticed a 12-headed hydra
  7286 | D:10     | Noticed a two-headed ogre
  7287 | D:10     | 7287 ||| INVOKING Heroism.
  7295 | D:10     | 7295 ||| RETREEEEATING.
  7296 | D:10     | 7296 ||| RETREEEEATING.
  7297 | D:10     | 7297 ||| RETREEEEATING.
  7298 | D:10     | 7298 ||| RETREEEEATING.
  7299 | D:10     | 7299 ||| RETREEEEATING.
  7303 | D:10     | 7303 ||| RETREEEEATING.
  7305 | D:10     | 7305 ||| RETREEEEATING.
  7306 | D:10     | 7306 ||| RETREEEEATING.
  7313 | D:10     | Killed a two-headed ogre
  7313 | D:10     | Reached **** piety under Okawaru
  7314 | D:10     | Reached skill level 13 in Dodging
  7314 | D:10     | Reached XP level 11. HP: 30/55 MP: 15/15
  7797 | D:11     | Noticed Harold
  7798 | D:11     | 7798 ||| INVOKING Finesse.
  7799 | D:11     | 7799 ||| INVOKING Finesse.
  7809 | D:11     | Killed Harold
  7811 | D:11     | Killed from afar by an acid dragon

Levels and vault maps discovered:
D:1:      dpeg_arrival_line_fractal, layout_loops_cross, serial_bayou,
          serial_bayou_crossing, serial_bayou_pond_b, serial_bayou_shore_a,
          serial_bayou_shore_b
D:2:      layout_loops_ring, basic_altar
D:3:      layout_rooms, nicolae_ru_the_path_less_chosen,
          shapermc_ecumenical_altar_hornbeckon, minmay_misc_feat_plants
D:4:      layout_basic, grunt_gozag_breadcrumbs, uniq_ijyb, uniq_pikel,
          uniq_eustachio
D:5:      layout_gridville, kennysheep_big_empty_room, uniq_menkaure
D:6:      layout_loops_cross, elyvilon_altar_3,
          minmay_temple_entry_from_below_a, gup_sewer_entry_bubbles
D:7:      nzn_winding_woodlands_medium [nzn_winding_woodlands_5x5_checkerboard,
          nzn_winding_woodlands_5x15_zeroes, nzn_winding_woodlands_hourglass,
          nzn_winding_woodlands_5x5_closed_star,
          nzn_winding_woodlands_center_lodge,
          nzn_winding_woodlands_5x5_open_star, nzn_winding_woodlands_5x5_three,
          nzn_winding_woodlands_5x15_default,
          nzn_winding_woodlands_5x5_perimeter], layout_loops_cross,
          okawaru_humans, minivault_24, kennysheep_generic_room_7
D:8:      layout_basic, general_overflow_altar
D:9:      layout_basic, nicolae_overflow_macrodata_refinement
D:10:     layout_cave_pools, gammafunk_ghost_hydra_chop
D:11:     layout_basic, dpeg_oklobed_lair, uniq_harold

Skill      XL: |  1  2  3  4  5  6  7  8  9 10 |
---------------+-------------------------------+-----
Dodging        | 3 4 6 8 9 11 13 | 13.3
Ranged Weapons | 5 7 8 10 11 12 | 12.3
Fighting       | 2 3 4 5 |  5.0
Invocations    | 2 4 |  4.8
Armour         | 1 |  1.1
Stealth        | |  1.5

Action                     |  1- 3 |  4- 6 |  7- 9 | 10-12 || total
---------------------------+-------+-------+-------+-------++-------
   Fire: Shortbow          |    98 |       |       |       ||    98
         Arbalest          |    16 |    30 |   215 |   160 ||   421
 Invoke: Heroism           |       |       |       |     2 ||     2
         Finesse           |       |       |       |     1 ||     1
    Use: Scroll            |     8 |     3 |     8 |     3 ||    22
         Potion            |     2 |     1 |       |     1 ||     4
 Armour: Robe              |     7 |     2 |    21 |     6 ||    36
         Steam dragon scal |       |       |       |    14 ||    14
  Dodge: Dodged            |    27 |     2 |    65 |    79 ||   173
  Block: Other             |       |       |    15 |    21 ||    36
         Reflection        |       |       |     1 |     2 ||     3

Table legend:
 A = Non-vault XP
 B = Vault XP
 C = Vault XP percentage of total XP
 D = Non-vault monster count
 E = Vault monster count
 F = Vault count percentage of total count
                 A         B        C        D         E       F
            +---------+---------+-------+---------+---------+-------
      Total |    8358 |    4082 |  32.8 |     181 |      50 |  21.6
            +---------+---------+-------+---------+---------+-------
        D:1 |      34 |       6 |  15.0 |      22 |       4 |  15.4
        D:2 |      30 |       0 |   0.0 |      14 |       0 |   0.0
        D:3 |      53 |       0 |   0.0 |      17 |       0 |   0.0
        D:4 |     306 |     852 |  73.6 |      20 |       3 |  13.0
        D:5 |     447 |     175 |  28.1 |      17 |       1 |   5.6
        D:6 |    1298 |      29 |   2.2 |      23 |       7 |  23.3
        D:7 |     782 |    1887 |  70.7 |      11 |      18 |  62.1
        D:8 |    1818 |       0 |   0.0 |      23 |       0 |   0.0
        D:9 |    1118 |       0 |   0.0 |      14 |       0 |   0.0
       D:10 |    2472 |       0 |   0.0 |      20 |       0 |   0.0
       D:11 |       0 |     876 | 100.0 |       0 |       1 | 100.0
      Sewer |       0 |     257 | 100.0 |       0 |      16 | 100.0
            +---------+---------+-------+---------+---------+-------
